 Dungeon Crawl Stone Soup version 0.31-a0-182-gc5ef74bbde (webtiles) character file.

Game seed: 6805820559337370263

91 qw the Chopper (level 4, -2/28 HPs)
             Began as a Gargoyle Fighter on June 20, 2023.
             Slain by Ijyb
             ... wielding a +0 club
              (4 damage)
             ... on level 3 of the Dungeon.
             The game lasted 00:00:59 (1791 turns).

qw the Chopper (Gargoyle Fighter)                   Turns: 1791, Time: 00:00:59

Health: -2/28      AC: 12    Str: 21    XL:     4   Next: 57%
Magic:  4/4        EV:  7    Int:  9    God:
Gold:   57         SH:  0    Dex:  9    Spells: 3/3 levels left

rFire   . . .        Y - +0 war axe
rCold   . . .        c - +0 buckler
rNeg    + . .        f - +0 chain mail
rPois   inf          (no helmet)
rElec   +            (no cloak)
rCorr   .            (no gloves)
SInv    .            (no boots)
Will    .....        (no amulet) Stlth
                     (no ring)
HPRegen 0.24/turn    (no ring)
MPRegen 0.09/turn

%: no passive effects
@: confused
A: sickness immunity, AC +3, negative energy resistance 1, electricity
resistance, torment resistance 1, petrification resistance
a: no special abilities


You were on level 3 of the Dungeon.
You visited 1 branch of the dungeon, and saw 3 of its levels.

You collected 57 gold pieces.


Innate Abilities, Weirdness & Mutations

You are immune to sickness and miasma.
Your stone body is resilient. (AC +3)
You are immune to poison.
You resist negative energy. (rN+)
You are resistant to electric shocks. (rElec)
You are resistant to unholy torment.
You are immune to petrification.


   Skills:
 - Level 3.2 Fighting
 + Level 4.2 Axes
 - Level 3.2 Armour
 - Level 3.2 Shields


You had 3 spell levels left.
You didn't know any spells.
Your spell library was empty.

Inventory:

Hand Weapons
 b - a +0 flail
 Y - a +0 war axe (weapon)
Armour
 c - a +0 buckler (worn)
 f - a +0 chain mail (worn)
Potions
 d - a potion of might
 j - a potion of resistance {unknown}

Dungeon Overview and Level Annotations

Branches:
Dungeon (3/15)

Altars:
Fedhas

Annotations:
D:3 Ijyb, Jessica


Message History

1784 ||| DRINKING potion of heal wounds.
You feel much better.
You hear some strange, mumbled words.
A magic dart appears from out of thin air!
The magic dart hits you.
You hear some strange, mumbled words.
You are more confused.
The rat barely misses you. Ijyb hits you but does no damage.
Something hits you but does no damage. x2; The rat bites you but does no damage.
Ijyb hits you with a +0 club.
You hear some strange, mumbled words.
A magic dart appears from out of thin air!
The magic dart hits you. Something hits you but does no damage.
The rat barely misses you.
Ijyb screams, "Me very upset!"
Ijyb hits you but does no damage. The rat bites you but does no damage.
You hear some strange, mumbled words.
Something tries to affect you, but you resist.
You hear some strange, mumbled words.
A puff of flame appears from out of thin air!
The puff of flame hits you but does no damage.
Ijyb screams, "No!
No, no, no, no!"
Ijyb hits you with a +0 club.
Something hits you but does no damage. x2; The rat bites you.
Ijyb zaps a wand.
The puff of flame hits you!
You hear some strange, mumbled words.
A magic dart appears from out of thin air!
The magic dart hits you. Something hits you.
The rat bites you but does no damage.
Ijyb zaps a wand.
The puff of flame hits you.
The orc wizard mumbles some strange words.
The orc wizard flickers and vanishes!
Something hits you but does no damage. The rat bites you but does no damage.
Something hits you but does no damage. Jessica says, "Why did you come here?"
Ijyb hits you but does no damage.
Something hits you but does no damage. x2; The rat barely misses you.
Ijyb screams, "Die!"
Ijyb hits you with a +0 club.
You die...

.# .# .# .# .
###### .# ...
#....##.##....
##<.{b......
#..@rS@.....
#.g##{##....
#..# .# .
..... ..
######.o..
....# ....
...## ..#


You could see Ijyb, Jessica, a bat, a ball python and a rat.

Vanquished Creatures
  3 adders
  3 dart slugs
  9 ball pythons
  6 bats
  4 endoplasms (D:1)
  2 giant cockroaches (D:1)
  3 goblins
  7 hobgoblins
  5 jackals (D:1)
  3 frilled lizards
  7 kobolds
  2 rats
54 creatures vanquished.

Notes
Turn   | Place    | Note
-------+----------+-------------------------------------------
     0 | D:1      | qw the Gargoyle Fighter began the quest for the Orb.
     0 | D:1      | Reached XP level 1. HP: 14/14 MP: 1/1
     0 | D:1      | 0 ||| qw: Version: 0.3-a-9-g12657ce
     0 | D:1      | 0 ||| qw: Game counter: 1496
     0 | D:1      | 0 ||| qw: Always use a shield: true
     0 | D:1      | 0 ||| qw: God list: Okawaru
     0 | D:1      | 0 ||| qw: Allow faded altars: false
     0 | D:1      | 0 ||| qw: Do Orc after D:15 true
     0 | D:1      | 0 ||| qw: Do second Lair branch before Depths: true
     0 | D:1      | 0 ||| qw: Lair rune preference: random
     0 | D:1      | 0 ||| qw: Plans: Normal, Zot:1-4, Slime:5, God:TSO, Crypt,
                  | Tomb, Abyss, Pan, Hells, Win
     0 | D:1      | 0 ||| PLANNING D:1-11
    68 | D:1      | 68 ||| Stepping ~*~*~tactically~*~*~ (hiding).
    73 | D:1      | 73 ||| Stepping ~*~*~tactically~*~*~ (hiding).
    81 | D:1      | Reached skill level 2 in Axes
   238 | D:1      | Reached XP level 2. HP: 19/19 MP: 2/2
   272 | D:1      | 272 ||| Stepping ~*~*~tactically~*~*~ (stealth).
   528 | D:1      | 528 ||| Stepping ~*~*~tactically~*~*~ (hiding).
   569 | D:1      | 569 ||| Stepping ~*~*~tactically~*~*~ (stealth).
   572 | D:1      | 572 ||| Stepping ~*~*~tactically~*~*~ (hiding).
   576 | D:1      | Reached skill level 3 in Axes
   578 | D:1      | Reached XP level 3. HP: 23/23 MP: 3/3
   621 | D:1      | 621 ||| Stepping ~*~*~tactically~*~*~ (stealth).
   733 | D:1      | 733 ||| Stepping ~*~*~tactically~*~*~ (stealth).
   934 | D:1      | 934 ||| Stepping ~*~*~tactically~*~*~ (stealth).
   956 | D:1      | 956 ||| UPGRADING to +0 chain mail.
   966 | D:1      | 966 ||| DROPPING +0 scale mail.
   967 | D:1      | 967 ||| READING 2 scrolls labelled ALAEGR OTWIH.
   968 | D:1      | 968 ||| READING 2 scrolls labelled OTWIDI ANAM.
   969 | D:1      | 969 ||| READING scroll labelled RABRYLLESIGI.
   970 | D:1      | 970 ||| READING scroll labelled DAZXISCH WY EKH.
   971 | D:1      | 971 ||| DRINKING 2 bubbling brown potions.
   972 | D:1      | 972 ||| DROPPING scroll of amnesia.
   973 | D:1      | 973 ||| DROPPING scroll of fog.
  1039 | D:2      | Found a blossoming altar of Fedhas.
  1153 | D:2      | Found a faded altar of an unknown god.
  1209 | D:2      | 1209 ||| DROPPING +0 mace.
  1230 | D:2      | Reached XP level 4. HP: 20/28 MP: 4/4
  1370 | D:2      | Reached skill level 4 in Axes
  1753 | D:2      | 1753 ||| READING scroll labelled PUGOYM TANLAA.
  1762 | D:3      | 1762 ||| Stepping ~*~*~tactically~*~*~ (hiding).
  1762 | D:3      | Noticed Jessica
  1765 | D:3      | Noticed Ijyb
  1774 | D:3      | 1774 ||| Stepping ~*~*~tactically~*~*~ (hiding).
  1783 | D:3      | HP: 7/28 [Ijyb/puff of flame (6)]
  1784 | D:3      | 1784 ||| DRINKING potion of heal wounds.
  1788 | D:3      | HP: 6/28 [Ijyb/puff of flame (9)]
  1789 | D:3      | HP: 1/28 [Ijyb/puff of flame (2)]
  1791 | D:3      | Slain by Ijyb

Levels and vault maps discovered:
D:1:      minmay_arrival_pointy, layout_loops_ring, minmay_quantized
D:2:      layout_basic, ebering_ecumenical_altar_hall, basic_altar,
          feat_on_display
D:3:      due_chaos_kobolds, layout_basic, uniq_ijyb, uniq_jessica

Skill      XL: |  1  2  3  4 |
---------------+-------------+-----
Axes           | 2 3 4 |  4.2
Fighting       | |  3.2
Armour         | |  3.2
Shields        | |  3.2

Action                     |  1- 3 |  4- 6 || total
---------------------------+-------+-------++-------
  Melee: War axe           |   112 |    31 ||   143
    Use: Scroll            |     4 |     1 ||     5
         Potion            |     1 |     1 ||     2
 Armour: Scale mail        |    57 |       ||    57
         Chain mail        |     5 |    57 ||    62
  Dodge: Dodged            |    54 |    25 ||    79
  Block: Buckler           |    27 |     7 ||    34

Table legend:
 A = Non-vault XP
 B = Vault XP
 C = Vault XP percentage of total XP
 D = Non-vault monster count
 E = Vault monster count
 F = Vault count percentage of total count
                 A         B        C        D         E       F
            +---------+---------+-------+---------+---------+-------
      Total |     118 |      12 |   9.2 |      47 |       7 |  13.0
            +---------+---------+-------+---------+---------+-------
        D:1 |      51 |      12 |  19.0 |      29 |       7 |  19.4
        D:2 |      51 |       0 |   0.0 |      15 |       0 |   0.0
        D:3 |      16 |       0 |   0.0 |       3 |       0 |   0.0
            +---------+---------+-------+---------+---------+-------
